TOP OF THE 1ST |
Warwick Hunchbacks batting - Pitching for Milton Bills : LHP César García
|
Pitching: LHP César García
|
|
Batting: RHB Jim Browning
|
0-0: Ball 1-0: SINGLE (Line Drive, 6MD)
|
Batting: LHB Ted Cracknell
|
0-0: Ball 1-0: Ball 2-0: Fly out, F6 (Popup, 6D)
|
Batting: SHB Dustin Tucker
|
0-0: Ball 1-0: Called Strike 1-1: Ball 2-1: SINGLE (Flyball, 89S) Jim Browning to second Runner from 2nd tries for 3rd, SAFE, throw made to third
|
Batting: SHB Gregg Wagner
|
0-0: Called Strike 0-1: Ball 1-1: Ball 2-1: Ball 3-1: Foul Ball, location: 2F 3-2: Base on Balls Dustin Tucker to second
|
Batting: RHB Steve Brewer
|
0-0: Ball 1-0: Foul Ball, location: 2F 1-1: Fly out, F9 (Flyball, 9M) Runner from 3rd tags up, SCORES, throw made
|
Batting: RHB Julián Rocha
|
0-0: Called Strike 0-1: Fly out, F7 (Flyball, 78D)
|
Top of the 1st over - 1 run(s), 2 hit(s), 0 error(s), 2 left on base; Warwick 1 - Milton 0 |
BOTTOM OF THE 1ST |
Milton Bills batting - Pitching for Warwick Hunchbacks : RHP Dexter Charles
|
Pitching: RHP Dexter Charles
|
|
Batting: LHB Lance Schiffer
|
0-0: Ball 1-0: Ball 2-0: Ball 3-0: Called Strike 3-1: Swinging Strike 3-2: Base on Balls
|
Batting: RHB Steve McLeod
|
0-0: Ball 1-0: Ball 2-0: Called Strike 2-1: Ball 3-1: Ground out 5-3 (Groundball, 5S) Lance Schiffer to second
|
Batting: LHB David Hunt
|
0-0: Ball 1-0: Ball 2-0: Called Strike 2-1: Ball 3-1: 2-RUN HOME RUN (Flyball, 78XD), Distance : 435 ft
|
Batting: RHB Shane Franklin
|
0-0: Ball 1-0: Foul Ball, location: 2F 1-1: Ball 2-1: Fly out, F8 (Flyball, 8RM)
|
Batting: LHB Johnny Hernández
|
0-0: DOUBLE (Line Drive, 7LS)
|
Batting: RHB Alden Wiley
|
0-0: Ground out 5-3 (Groundball, 5L)
|
Bottom of the 1st over - 2 run(s), 2 hit(s), 0 error(s), 1 left on base; Warwick 1 - Milton 2 |
TOP OF THE 2ND |
Warwick Hunchbacks batting - Pitching for Milton Bills : LHP César García
|
Batting: RHB Octávio Castaneda
|
0-0: SINGLE (Line Drive, 78M)
|
Batting: LHB Luis Robles
|
0-0: Called Strike 0-1: Foul Ball, location: 2F 0-2: Ball 1-2: Ball 2-2: Foul Ball, location: 2F 2-2: Strikes out swinging
|
Batting: LHB Javier Pérez
|
0-0: Ball 1-0: Called Strike 1-1: Ball 2-1: SINGLE (Line Drive, 78S) Octávio Castaneda to second
|
Batting: RHB Jim Browning
|
0-0: Ball 1-0: Called Strike 1-1: SINGLE (Line Drive, 6MD) Octávio Castaneda to third Javier Pérez to second
|
Batting: LHB Ted Cracknell
|
0-0: Ball 1-0: Foul Ball, location: 2F 1-1: Ball 2-1: Ball 3-1: Base on Balls Octávio Castaneda scores Javier Pérez to third Jim Browning to second
|
Batting: SHB Dustin Tucker
|
0-0: Ball 1-0: Called Strike 1-1: Ball 2-1: Swinging Strike 2-2: Ball 3-2: Strikes out swinging
|
Batting: SHB Gregg Wagner
|
0-0: Called Strike 0-1: SINGLE (Groundball, 6D) Javier Pérez scores Jim Browning to third Ted Cracknell to second Runner from 3rd tries for Home, SAFE, no throw or cutoff
|
Batting: RHB Steve Brewer
|
0-0: Foul Ball, location: 2F 0-1: TRIPLE (Line Drive, 89M) Ted Cracknell scores Gregg Wagner scores
|
Pitching: RHP Dexter Young
|
|
Batting: RHB Julián Rocha
|
0-0: Foul Ball, location: 2F 0-1: Ground out 6-3 (Groundball, 6)
|
Top of the 2nd over - 5 run(s), 5 hit(s), 0 error(s), 1 left on base; Warwick 6 - Milton 2 |
BOTTOM OF THE 2ND |
Milton Bills batting - Pitching for Warwick Hunchbacks : RHP Dexter Charles
|
Batting: SHB Al Anderson
|
0-0: Called Strike 0-1: Ball 1-1: Foul Ball, location: 2F 1-2: Strikes out swinging
|
Batting: LHB Edwin Church
|
0-0: Ball 1-0: Ball 2-0: Ball 3-0: Base on Balls
|
Batting: RHB Ken Thompson
|
0-0: Ball 1-0: Ball 2-0: Swinging Strike 2-1: Called Strike 2-2: Strikes out looking
|
Batting: LHB Lance Schiffer
|
0-0: Ball 1-0: SINGLE (Groundball, 6MD) Edwin Church to second Runner from 2nd tries for 3rd, SAFE, no throw or cutoff
|
Batting: RHB Steve McLeod
|
0-0: Ground out 5-3 (Groundball, 5L)
|
Bottom of the 2nd over - 0 run(s), 1 hit(s), 0 error(s), 2 left on base; Warwick 6 - Milton 2 |
TOP OF THE 3RD |
Warwick Hunchbacks batting - Pitching for Milton Bills : RHP Dexter Young
|
Batting: RHB Octávio Castaneda
|
0-0: Ball 1-0: Ground out 5-3 (Groundball, 56)
|
Batting: LHB Luis Robles
|
0-0: Called Strike 0-1: Ground out 4-3 (Groundball, 4)
|
Batting: LHB Javier Pérez
|
0-0: Foul Ball, location: 2F 0-1: Called Strike 0-2: Ball 1-2: Ground out U3 (Groundball, 3S)
|
Top of the 3rd over - 0 run(s), 0 hit(s), 0 error(s), 0 left on base; Warwick 6 - Milton 2 |
BOTTOM OF THE 3RD |
Milton Bills batting - Pitching for Warwick Hunchbacks : RHP Dexter Charles
|
Batting: LHB David Hunt
|
0-0: Called Strike 0-1: Ball 1-1: Called Strike 1-2: Ground out U3 (Groundball, 3)
|
Batting: RHB Shane Franklin
|
0-0: Ball 1-0: Ball 2-0: Called Strike 2-1: Ground out 3-1 (Groundball, 34)
|
Batting: LHB Johnny Hernández
|
0-0: Called Strike 0-1: Ball 1-1: Foul Ball, location: 2F 1-2: Strikes out swinging
|
Bottom of the 3rd over - 0 run(s), 0 hit(s), 0 error(s), 0 left on base; Warwick 6 - Milton 2 |
TOP OF THE 4TH |
Warwick Hunchbacks batting - Pitching for Milton Bills : RHP Dexter Young
|
Batting: RHB Jim Browning
|
0-0: Called Strike 0-1: Ball 1-1: Ball 2-1: Ball 3-1: Foul Ball, location: 2F 3-2: Fly out, F5 (Line Drive, 56)
|
Batting: LHB Ted Cracknell
|
0-0: Called Strike 0-1: Ball 1-1: Ball 2-1: Ball 3-1: Base on Balls
|
Batting: SHB Dustin Tucker
|
0-0: Called Strike 0-1: Called Strike 0-2: Ball 1-2: Ball 2-2: Ball 3-2: Foul Ball, location: 2F 3-2: Base on Balls Ted Cracknell to second
|
Batting: SHB Gregg Wagner
|
0-0: Called Strike 0-1: Swinging Strike 0-2: Ball 1-2: Ball 2-2: SINGLE (Line Drive, 4MD) Ted Cracknell to third Dustin Tucker to second
|
Batting: RHB Steve Brewer
|
0-0: Ball 1-0: Called Strike 1-1: Swinging Strike 1-2: SINGLE (Groundball, 5D) Ted Cracknell scores Dustin Tucker to third Gregg Wagner to second Runner from 3rd tries for Home, SAFE, throw made home
|
Batting: RHB Julián Rocha
|
0-0: Ball 1-0: Called Strike 1-1: Fly out, F7 (Flyball, 7M)
|
Batting: RHB Octávio Castaneda
|
0-0: Swinging Strike 0-1: Swinging Strike 0-2: Ball 1-2: Strikes out swinging
|
Top of the 4th over - 2 run(s), 2 hit(s), 0 error(s), 2 left on base; Warwick 8 - Milton 2 |
BOTTOM OF THE 4TH |
Milton Bills batting - Pitching for Warwick Hunchbacks : RHP Dexter Charles
|
Batting: RHB Alden Wiley
|
0-0: Called Strike 0-1: Foul Ball, location: 2F 0-2: Ground out 5-3 (Groundball, 5S)
|
Batting: SHB Al Anderson
|
0-0: Ground out 4-3 (Groundball, 4)
|
Batting: LHB Edwin Church
|
0-0: Ball 1-0: Fly out, F9 (Flyball, 89D)
|
Bottom of the 4th over - 0 run(s), 0 hit(s), 0 error(s), 0 left on base; Warwick 8 - Milton 2 |
TOP OF THE 5TH |
Warwick Hunchbacks batting - Pitching for Milton Bills : RHP Dexter Young
|
Batting: LHB Luis Robles
|
0-0: Called Strike 0-1: Called Strike 0-2: Foul Ball, location: 2F 0-2: Fly out, F4 (Popup, 4D)
|
Batting: LHB Javier Pérez
|
0-0: Ball 1-0: Ball 2-0: Called Strike 2-1: Swinging Strike 2-2: Ground out U3 (Groundball, 3L)
|
Batting: RHB Jim Browning
|
0-0: Ball 1-0: Foul Ball, location: 2F 1-1: Ball 2-1: Ball 3-1: Foul Ball, location: 2F 3-2: TRIPLE (Line Drive, 78M)
|
Batting: LHB Ted Cracknell
|
0-0: Ball 1-0: 2-RUN HOME RUN (Flyball, 89XD), Distance : 439 ft
|
Pitching: LHP Eric Baxter
|
|
Batting: SHB Dustin Tucker
|
0-0: Foul Ball, location: 2F 0-1: Ball 1-1: Ball 2-1: Ball 3-1: Called Strike 3-2: Base on Balls
|
Batting: SHB Gregg Wagner
|
0-0: Called Strike 0-1: Called Strike 0-2: Ball 1-2: Ball 2-2: SINGLE (Line Drive, 8LS) Dustin Tucker to second
|
Batting: RHB Steve Brewer
|
0-0: SINGLE (Groundball, 56) Dustin Tucker to third Gregg Wagner to second
|
Batting: RHB Julián Rocha
|
0-0: Ball Wild Pitch! Dustin Tucker scores Gregg Wagner to third Steve Brewer to second 1-0: Called Strike 1-1: Ball 2-1: Called Strike 2-2: 3-RUN HOME RUN (Flyball, 8LXD), Distance : 457 ft
|
Pitching: LHP Morris Nicholson
|
|
Batting: RHB Octávio Castaneda
|
0-0: Ball 1-0: Ball 2-0: Ball 3-0: Called Strike 3-1: Called Strike 3-2: Base on Balls
|
Batting: LHB Luis Robles
|
0-0: Swinging Strike 0-1: Ball 1-1: Swinging Strike 1-2: Strikes out looking
|
Top of the 5th over - 6 run(s), 5 hit(s), 0 error(s), 1 left on base; Warwick 14 - Milton 2 |
BOTTOM OF THE 5TH |
Milton Bills batting - Pitching for Warwick Hunchbacks : RHP Dexter Charles
|
Batting: RHB Ken Thompson
|
0-0: DOUBLE (Groundball, 5L)
|
Batting: LHB Lance Schiffer
|
0-0: Ball 1-0: Fly out, F5 (Popup, 25F)
|
Batting: RHB Steve McLeod
|
0-0: Called Strike 0-1: Swinging Strike 0-2: Strikes out swinging
|
Batting: LHB David Hunt
|
0-0: Ball 1-0: Called Strike 1-1: Swinging Strike 1-2: Strikes out swinging
|
Bottom of the 5th over - 0 run(s), 1 hit(s), 0 error(s), 1 left on base; Warwick 14 - Milton 2 |
TOP OF THE 6TH |
Warwick Hunchbacks batting - Pitching for Milton Bills : LHP Morris Nicholson
|
Batting: LHB Javier Pérez
|
0-0: Ground out 4-3 (Groundball, 34)
|
Batting: RHB Jim Browning
|
0-0: Called Strike 0-1: Ball 1-1: Ball 2-1: Ball 3-1: Base on Balls
|
Batting: LHB Ted Cracknell
|
0-0: Ball 1-0: Grounds into double play, 4-6-3 (Groundball, 4)
|
Top of the 6th over - 0 run(s), 0 hit(s), 0 error(s), 0 left on base; Warwick 14 - Milton 2 |
BOTTOM OF THE 6TH |
Milton Bills batting - Pitching for Warwick Hunchbacks : RHP Dexter Charles
|
Batting: RHB Shane Franklin
|
0-0: Foul Ball, location: 2F 0-1: Swinging Strike 0-2: Ball 1-2: Ball 2-2: Strikes out looking
|
Batting: LHB Johnny Hernández
|
0-0: Ball 1-0: Ball 2-0: Called Strike 2-1: Foul Ball, location: 2F 2-2: Foul Ball, location: 2F 2-2: Ball 3-2: DOUBLE (Line Drive, 8LM)
|
Batting: RHB Alden Wiley
|
0-0: Ball 1-0: Ball 2-0: Called Strike 2-1: Called Strike 2-2: Strikes out swinging
|
Batting: SHB Al Anderson
|
0-0: Ball 1-0: Foul Ball, location: 2F 1-1: Ball 2-1: Foul Ball, location: 2F 2-2: Ball 3-2: Base on Balls
|
Batting: LHB Edwin Church
|
0-0: Ball 1-0: Ball 2-0: Ball 3-0: Base on Balls Johnny Hernández to third Al Anderson to second
|
Batting: RHB Ken Thompson
|
0-0: Called Strike 0-1: Fly out, F9 (Flyball, 9S)
|
Bottom of the 6th over - 0 run(s), 1 hit(s), 0 error(s), 3 left on base; Warwick 14 - Milton 2 |
TOP OF THE 7TH |
Warwick Hunchbacks batting - Pitching for Milton Bills : LHP Morris Nicholson
|
Batting: SHB Dustin Tucker
|
0-0: Foul Ball, location: 2F 0-1: Ball 1-1: Fly out, F9 (Flyball, 89M)
|
Batting: SHB Gregg Wagner
|
0-0: Ball 1-0: SINGLE (Line Drive, 89S)
|
Batting: RHB Steve Brewer
|
0-0: Swinging Strike 0-1: Ball 1-1: Ball 2-1: Foul Ball, location: 2F 2-2: DOUBLE (Line Drive, 7LM) Gregg Wagner to third Runner from 3rd tries for Home, SAFE, no throw or cutoff
|
Batting: RHB Julián Rocha
|
0-0: Called Strike 0-1: Ball 1-1: Foul Ball, location: 2F 1-2: Ball 2-2: Strikes out swinging
|
Batting: RHB Octávio Castaneda
|
0-0: Ball 1-0: Foul Ball, location: 2F 1-1: Ball 2-1: Ball 3-1: Foul Ball, location: 2F 3-2: Strikes out swinging
|
Top of the 7th over - 1 run(s), 2 hit(s), 0 error(s), 1 left on base; Warwick 15 - Milton 2 |
BOTTOM OF THE 7TH |
Milton Bills batting - Pitching for Warwick Hunchbacks : RHP Dexter Charles
|
Now at C: Edwin McClung
|
|
Batting: LHB Lance Schiffer
|
0-0: Ball 1-0: Bunt missed! 1-1: Swinging Strike 1-2: Foul Ball, location: 2F 1-2: Foul Ball, location: 2F 1-2: Ground out 4-3 (Groundball, 4M)
|
Batting: RHB Steve McLeod
|
0-0: SINGLE (Line Drive, 6D)
|
Batting: LHB David Hunt
|
0-0: Called Strike 0-1: SINGLE (Flyball, 8LS) Steve McLeod to second
|
Batting: RHB Shane Franklin
|
0-0: Called Strike 0-1: Foul Ball, location: 2F 0-2: Grounds into double play, 5-4-3 (Groundball, 5)
|
Bottom of the 7th over - 0 run(s), 2 hit(s), 0 error(s), 1 left on base; Warwick 15 - Milton 2 |
TOP OF THE 8TH |
Warwick Hunchbacks batting - Pitching for Milton Bills : LHP Morris Nicholson
|
Batting: LHB Luis Robles
|
0-0: SINGLE (Groundball, 34S) (infield hit)
|
Batting: LHB Javier Pérez
|
0-0: Swinging Strike 0-1: Ball 1-1: Ball 2-1: Ball 3-1: Fly out, F7 (Flyball, 7M)
|
Pitching: RHP Luke Merkley
|
|
Batting: RHB Jim Browning
|
0-0: Foul Ball, location: 2F 0-1: Ball 1-1: Foul Ball, location: 2F 1-2: SINGLE (Flyball, 7S) Luis Robles to second
|
Batting: LHB Ted Cracknell
|
0-0: Foul Ball, location: 2F 0-1: Called Strike 0-2: Ball 1-2: Fly out, F7 (Flyball, 78S)
|
Batting: RHB Edwin McClung
|
0-0: Ball 1-0: Ball 2-0: 3-RUN HOME RUN (Flyball, 78XD), Distance : 431 ft
|
Pinch Hitting: RHB Freddy Scott
|
0-0: Ball 1-0: Ball 2-0: Called Strike 2-1: Swinging Strike 2-2: Foul Ball, location: 2F 2-2: Ball 3-2: Fly out, F8 (Flyball, 8LM)
|
Top of the 8th over - 3 run(s), 3 hit(s), 0 error(s), 0 left on base; Warwick 18 - Milton 2 |
BOTTOM OF THE 8TH |
Milton Bills batting - Pitching for Warwick Hunchbacks : RHP Dexter Charles
|
Now at 1B: Freddy Scott
|
|
Batting: LHB Johnny Hernández
|
0-0: Ground out 4-3 (Groundball, 4)
|
Pinch Hitting: LHB Maxwell Ings
|
0-0: Foul Ball, location: 2F 0-1: SOLO HOME RUN (Flyball, 8LXD), Distance : 461 ft
|
Batting: SHB Al Anderson
|
0-0: Ball 1-0: Foul Ball, location: 2F 1-1: Ball 2-1: Foul Ball, location: 2F 2-2: Strikes out swinging
|
Batting: LHB Edwin Church
|
0-0: Foul Ball, location: 2F 0-1: Ball 1-1: Ball 2-1: Foul Ball, location: 2F 2-2: Strikes out swinging
|
Bottom of the 8th over - 1 run(s), 1 hit(s), 0 error(s), 0 left on base; Warwick 18 - Milton 3 |
TOP OF THE 9TH |
Warwick Hunchbacks batting - Pitching for Milton Bills : RHP Luke Merkley
|
Now at 2B: Orlando Trevino
|
|
Batting: RHB Steve Brewer
|
0-0: Called Strike 0-1: Ball 1-1: Hit by Pitch
|
Pinch Hitting: RHB John Huff
|
0-0: Grounds into double play, 4-6-3 (Groundball, 4)
|
Batting: RHB Octávio Castaneda
|
0-0: Called Strike 0-1: Ball 1-1: Ball 2-1: Ball 3-1: Ground out 6-3 (Groundball, 56)
|
Top of the 9th over - 0 run(s), 0 hit(s), 0 error(s), 0 left on base; Warwick 18 - Milton 3 |
BOTTOM OF THE 9TH |
Milton Bills batting - Pitching for Warwick Hunchbacks : RHP Dexter Charles
|
Pitching: RHP Jim Unknown
|
|
Now at 3B: John Huff
|
|
Batting: RHB Ken Thompson
|
0-0: Ball 1-0: Called Strike 1-1: DOUBLE (Line Drive, 5D)
|
Batting: LHB Lance Schiffer
|
0-0: Ball 1-0: Swinging Strike 1-1: Fly out, F9 (Line Drive, 9M)
|
Batting: RHB Steve McLeod
|
0-0: Foul Ball, location: 2F 0-1: Foul Ball, location: 2F 0-2: Strikes out swinging
|
Batting: LHB David Hunt
|
0-0: Called Strike 0-1: SINGLE (Groundball, 3D) Ken Thompson to third Runner from 3rd tries for Home, SAFE, no throw or cutoff
|
Batting: RHB Shane Franklin
|
0-0: Fly out, F9 (Flyball, 9M)
|
Bottom of the 9th over - 1 run(s), 2 hit(s), 0 error(s), 1 left on base; Warwick 18 - Milton 4 |
|